 Dungeon Crawl Stone Soup version 0.22.1-1-ga44c0e56f4 (webtiles) character file.

65 Ihlosi the Skirmisher (level 4, -4/44 HPs)
             Began as an Ogre Gladiator on Nov 4, 2018.
             Slain by a gnoll
             ... wielding a +0 club
              (10 damage)
             ... on level 2 of the Dungeon.
             The game lasted 00:05:11 (2064 turns).

Ihlosi the Skirmisher (Ogre Gladiator)              Turns: 2064, Time: 00:05:12

Health: -4/44      AC:  4    Str: 18    XL:     4   Next: 13%
Magic:  4/4        EV: 11    Int:  9    God:
Gold:   94         SH:  0    Dex: 13    Spells: 3/3 levels left

rFire    . . .     SeeInvis .   h - -2 hand axe (curse)
rCold    . . .     Gourm    .   (no shield)
rNeg     . . .     Faith    .   b - +0 robe
rPois    .         Spirit   .   c - +1 hat
rElec    .         Reflect  .   (no cloak)
rCorr    .         Harm     .   (gloves unavailable)
MR       .....                  (boots unavailable)
Stlth    ++........             (no amulet)
HPRegen  0.14/turn              (no ring)
MPRegen  0.09/turn              (no ring)

@: flying
A: large, unfitting armour, thin skeletal structure 1, frail 1, tough skin 1
a: no special abilities


You were on level 2 of the Dungeon.
You were hungry.

You visited 1 branch of the dungeon, and saw 2 of its levels.

You collected 94 gold pieces.

Inventory:

Hand Weapons
 a - a +0 flail
 h - a cursed -2 hand axe (weapon)
Armour
 b - a +0 robe (worn)
 c - a +1 hat (worn)
Scrolls
 g - a scroll of identify
 i - a scroll of enchant armour
Comestibles
 f - 4 rations


   Skills:
 * Level 4.7 Fighting
 - Level 1.0(2.3) Axes
 + Level 3.0(3.1) Maces & Flails
 - Level 2.0 Throwing
 + Level 3.0 Dodging


You had 3 spell levels left.
You didn't know any spells.
Your spell library was empty.

Dungeon Overview and Level Annotations

Branches:
Dungeon (2/15)

Altars:
Okawaru


Innate Abilities, Weirdness & Mutations

You are too large for most types of armour.
You have tough skin. (AC +1)
You have a somewhat thin skeletal structure. (Dex +2, Stealth)
You are frail. (-10% HP)


Message History

The gnoll is severely wounded.
The gnoll hits you with a club.
You barely miss the gnoll.
The gnoll is severely wounded.
The gnoll hits you with a club. The gnoll hits you with a club!
* * * LOW HITPOINT WARNING * * *
You barely miss the gnoll.
The gnoll is severely wounded.
The gnoll closely misses you.
It was a potion of flight.
You feel very buoyant.
You fly up into the air.
The gnoll barely misses you.
It was a potion of mutation.
You feel extremely strange.
You feel frail.
Your bones become slightly less dense.
You barely miss the gnoll.
The gnoll is severely wounded.
The gnoll hits you with a club.
* * * LOW HITPOINT WARNING * * *
The gnoll hits you with a club!
You die...

.##....# #.#.. .##....#
....# ###..... #...# #######
..####...# ###.... .......#
....... ### #....# #####.#.
#... #....#
......#.###...#####g...#
#######.........@ggg...###
#........######'######.....
.#.......#.#.##.## #.#......
#.#.......#.##...##.#......g
##.#.....................g.#
# #.#.....................#.
# #.#...................#. #
#.#.................#.
######.#...#..#.#..#...#.#


You could see 4 gnolls.

Vanquished Creatures
  An adder (D:2)
  2 oozes
  2 worms (D:2)
  2 dart slugs (D:1)
  2 giant cockroaches (D:1)
  5 goblins
  A hobgoblin (D:1)
  2 jackals (D:1)
  7 kobolds
  4 bats
  5 frilled lizards
  6 rats
39 creatures vanquished.

Notes
Turn   | Place    | Note
-------+----------+-------------------------------------------
     0 | D:1      | Ihlosi the Ogre Gladiator began the quest for the Orb.
     0 | D:1      | Reached XP level 1. HP: 22/22 MP: 1/1
   212 | D:1      | Reached skill level 3 in Fighting
   212 | D:1      | Reached XP level 2. HP: 29/31 MP: 2/2
   623 | D:1      | Reached XP level 3. HP: 23/39 MP: 3/3
   835 | D:1      | Reached skill level 4 in Fighting
  1223 | D:2      | Found an iron altar of Okawaru.
  1778 | D:2      | Reached skill level 1 in Axes
  1778 | D:2      | Reached XP level 4. HP: 26/49 MP: 4/4
  2063 | D:2      | Gained mutation: You are frail. (-10% HP) [potion of
                  | mutation]
  2063 | D:2      | Gained mutation: You have a somewhat thin skeletal
                  | structure. (Dex +2, Stealth) [potion of mutation]
  2064 | D:2      | Slain by a gnoll

Skill      XL: |  1  2  3 |
---------------+----------+-----
Fighting       | 3 4 |  4.7
Maces & Flails | 3 |  3.0
Dodging        | 3 |  3.0
Axes           | 1 |  1.0
Throwing       | |  2.0

Action                   |  1- 3 |  4- 6 || total
-------------------------+-------+-------++-------
Melee: Flail             |    56 |       ||    56
       Hand axe          |   124 |    19 ||   143
Throw: Throwing net      |     3 |       ||     3
  Use: Scroll            |     5 |       ||     5
       Potion            |       |     2 ||     2
 Stab: Sleeping          |     1 |       ||     1
       Held in net/web   |     2 |       ||     2
  Eat: Chunk             |     3 |       ||     3
Armor: Robe              |    70 |       ||    70
Dodge: Dodged            |    90 |     7 ||    97
